 Dungeon Crawl Stone Soup version 0.28.0-47-ge53b351184 (webtiles) character file.

Game seed: 13975034644216651755

5659 101zpm the Thaumaturge (level 11, -6/66 HPs)
             Began as a Djinni Fire Elementalist on May 1, 2022.
             Was a Follower of Qazlal.
             Mangled by a spectral orc knight
             ... wielding a +0 long sword
             ... summoned by Nergalle
              (17 damage)
             ... on level 10 of the Dungeon.
             The game lasted 00:36:53 (19735 turns).

101zpm the Thaumaturge (Djinni Fire Elementalist)  Turns: 19735, Time: 00:36:54

Health: -6/66      AC:  4    Str:  7    XL:     11   Next: 4%
Gold:   544        EV: 13    Int: 22    God:    Qazlal [*.....] SH:  2 Dex: 18

rFire   + + .      SeeInvis .   D - +1 flail (protect)
rCold   x . .      Faith    .   (no shield)
rNeg    . . .      Spirit   .   N - +1 robe of Gluttony {Dex+5}
rPois   ∞          Reflect  .   (no helmet)
rElec   .          Harm     .   (no cloak)
rCorr   .          Rampage  .   C - +0 pair of gloves
Will    +++..                   (boots unavailable)
Stlth   +++.......              (no amulet)
HPRegen 0.21/turn               e - ring of willpower
MPRegen 0.00/turn               f - ring of willpower

@: flying
A: sickness immunity, fire resistance 2, cold vulnerability 1, float, innate
caster, HP casting, extra vitality 1
a: Renounce Religion


You were on level 10 of the Dungeon.
You worshipped Qazlal.
Qazlal was aware of your devotion.
You visited 2 branches of the dungeon, and saw 11 of its levels.
You also visited: Sewer.

You collected 544 gold pieces.

Inventory:

Hand Weapons
 D - a +1 flail of protection (weapon)
 J - a +2 short sword of holy wrath
 P - a +3 trident of distortion
 Q - a +0 mace of protection
Missiles
 j - 295 stones
 y - 3 throwing nets
 B - a boomerang
Armour
 a - a +0 robe
 o - the +1 chain mail of the Quahog {rN+}
   (You found it in a sewer)

   rN:        It protects you from negative energy.
 p - a +1 pair of gloves of infusion
 C - a +0 pair of gloves (worn)
 N - the +1 robe of Gluttony (worn) {Dex+5}
   (You found it on level 9 of the Dungeon)

   Dex:       It affects your dexterity (+5).
Jewellery
 e - a ring of willpower (left hand)
 f - a ring of willpower (right hand)
 I - a ring of see invisible
 T - a +6 ring of strength
Wands
 i - a wand of mindburst (20)
 w - a wand of digging (6)
 L - a wand of paralysis (9)
 M - a wand of flame (14)
 S - a wand of iceblast (2)
Scrolls
 b - 9 scrolls of identify {unknown}
 d - 5 scrolls of noise {unknown}
 h - 3 scrolls of vulnerability {unknown}
 m - 2 scrolls of summoning {unknown}
 n - 8 scrolls of teleportation {unknown}
 t - 3 scrolls of fog {unknown}
 u - a scroll of enchant weapon {unknown}
 v - 3 scrolls of silence {unknown}
 z - a scroll of brand weapon {unknown}
 A - 2 scrolls of magic mapping {unknown}
 G - a scroll of immolation {unknown}
 H - a scroll of blinking {unknown}
 U - 3 scrolls of amnesia {unknown}
Potions
 c - a potion of brilliance {unknown}
 g - 4 potions of curing {unknown}
 k - a potion of invisibility {unknown}
 l - 2 potions of lignification {unknown}
 q - 2 potions of attraction {unknown}
 r - 5 potions of mutation {unknown}
 s - 4 potions of might {unknown}
 x - a potion of cancellation {unknown}
 E - a potion of haste {unknown}
 F - a potion of heal wounds {unknown}
 K - a potion of ambrosia {unknown}
 O - a potion of resistance {unknown}
 R - a potion of experience {unknown}


   Skills:
 + Level 0.7 Fighting
 + Level 0.4 Maces & Flails
 + Level 3.1 Dodging
 + Level 4.0 Stealth
 + Level 11.8 Spellcasting


You had 6 spell levels left.
You knew the following spells:

 Your Spells              Type           Power      Damage    Failure   Level
a - Foxfire               Conj/Fire      100%       2x1d9     1%          1
b - Scorch                Fire           100%       2d10      1%          2
c - Conjure Flame         Conj/Fire      60%        6-21      1%          3
d - Inner Flame           Hex/Fire       60%        N/A       1%          3
e - Flame Wave            Conj/Fire      60%        2d12      1%          4
f - Sting                 Tmut/Pois      100%       1d8       1%          1
g - Corpse Rot            Necr/Air       100%       N/A       1%          2
h - Call Canine Familiar  Summ           60%        N/A       1%          3
i - Tukima's Dance        Hex            60%        N/A       1%          3
j - Metabolic Englaciati  Hex/Ice        30%        N/A       1%          5
Your spell library was empty.

Dungeon Overview and Level Annotations

Branches:
Dungeon (10/15)            Temple (1/1) D:6           Sewer (visited)
   Lair: D:8-11         Orc: D:9-12

Altars:
Ashenzari
Cheibriados
Dithmenos
Elyvilon
Fedhas
Gozag
Hepliaklqana
Kikubaaqudgha
Makhleb
Nemelex Xobeh
Okawaru
Qazlal
Ru
Sif Muna
Trog
Uskayaw
Vehumet
Wu Jian
Xom
Yredelemnul
Zin
The Shining One

Shops:
D:3 (   D:5 (   D:7 *

Annotations:
D:10 Nergalle


Innate Abilities, Weirdness & Mutations

You are immune to sickness and miasma.
You are immune to poison.
Your flesh is very heat resistant. (rF++)
You are vulnerable to cold. (rC-)
You float through the air rather than walking.
You learn spells naturally, not from books.
Your magical power is your life essence.
You have superior vitality. (+4 MHP)


Message History

Your foxfire dissipates!
The spectral orc knight is engulfed in blazing flames.
The spectral orc knight hits you with a +0 long sword.
Your +3 vampiric dagger hits Nergalle.
Flame seeps out of Nergalle.
The spectral orc warrior hits you with a +0 long sword!
The spectral orc warrior closely misses you.
Casting: Flame Wave (safe; 1% risk of failure)
Confirm with . or Enter, or press ? or * to list all spells.
Restarting spell: Flame Wave (safe; 1% risk of failure)
Press: ? - help, Dir - look around, f - activate A wave of flame ripples out!
The flame wave engulfs the spectral orc knight.
The spectral orc knight is heavily damaged.
The flame wave engulfs the spectral orc warrior.
The spectral orc warrior is moderately damaged.
The flame wave engulfs the spectral orc warrior.
The spectral orc warrior is heavily damaged. (Press . to intensify the flame waves.)
The spectral orc warrior hits you with a +5 dire flail!
* * * LOW HITPOINT WARNING * * *
The spectral orc knight closely misses you.
Your +3 vampiric dagger hits Nergalle but does no damage.
The spectral orc warrior barely misses you.
Casting: Flame Wave (safe; 1% risk of failure)
Confirm with . or Enter, or press ? or * to list all spells.
Restarting spell: Flame Wave (safe; 1% risk of failure)
Press: ? - help, Dir - look around, f - activate A wave of flame ripples out!
The flame wave engulfs the spectral orc knight.
The spectral orc knight is heavily damaged.
The flame wave engulfs the spectral orc warrior!
The spectral orc warrior is severely damaged.
The flame wave engulfs the spectral orc warrior!
The spectral orc warrior is almost destroyed. (Press . to intensify the flame waves.)
* * * LOW HITPOINT WARNING * * *
Nergalle is engulfed in blazing flames.
Flame seeps out of Nergalle.
Nergalle hits your +3 vampiric dagger.
The spectral orc warrior misses you.
The spectral orc knight hits you with a +0 long sword!
You die...

#######.#######
#...........# .
#...........#.#
#...........#o#
#...........(.
#<..........#
#...........#
#........Z..#
#......Z@Z..#
#####.####.##
#######.# .#
#.......# #
#.####### #.#
#.# #.# #.#


You could see Nergalle (inner flame, ally target), 2 spectral orc warriors, a
spectral orc knight (summoned) and a friendly +3 vampiric dagger.

Vanquished Creatures
  Harold (D:8)
  A deep elf pyromancer (D:9)
  A troll (D:9)
  A shadow (D:10)
  A steam dragon (D:8)
  Menkaure (D:5)
  5 orc warriors
  6 ice beasts
  3 necrophages
  2 ogres
  2 centaurs
  A phantom (D:6)
  2 kobold brigands
  2 bullfrogs (D:7)
  A gnoll sergeant (D:4)
  A scorpion (D:4)
  3 wyvern zombies (D:7)
  5 killer bees (D:9)
  4 wights (D:8)
  2 howler monkeys (D:9)
  2 centaur zombies
  2 hounds (D:4)
  2 bullfrog zombies
  3 orc priests
  A gnoll shaman (D:7)
  A bullfrog skeleton (D:6)
  2 centaur skeletons
  Ijyb (D:5)
  2 iguanas (D:4)
  8 orc wizards
  A hell rat (Sewer)
  2 howler monkey zombies (D:7)
  29 gnolls
  2 river rats (Sewer)
  3 adders
  2 shadow imps (D:8)
  4 worms
  4 dart slugs
  28 orcs
  7 ball pythons
  2 bats
  8 endoplasms
  5 giant cockroaches
  5 hobgoblins
  16 jackals
  8 quokkas
  2 frilled lizards
  11 goblins
  19 kobolds
  14 rats
241 creatures vanquished.

Vanquished Creatures (collateral kills)
  A centaur zombie (D:7)
  A gnoll shaman (D:4)
  A gnoll (D:4)
  7 foxfires
10 creatures vanquished.

Vanquished Creatures (others)
  3 bushes (D:10)
  1634 foxfires
  7 fungi
  24 plants
1668 creatures vanquished.

Grand Total: 1919 creatures vanquished

Notes
Turn   | Place    | Note
-------+----------+-------------------------------------------
     0 | D:1      | 101zpm the Djinni Fire Elementalist began the quest for the
                  | Orb.
     0 | D:1      | Reached XP level 1. HP: 15/15 MP: 0/0
   757 | D:1      | Reached XP level 2. HP: 17/21 MP: 0/0
  1680 | D:2      | Reached skill level 3 in Spellcasting
  1680 | D:2      | Reached XP level 3. HP: 22/25 MP: 0/0
  1680 | D:2      | Learned a level 1 spell: Sting
  1934 | D:2      | Found a shimmering altar of Xom.
  1997 | D:2      | Found a faded altar of an unknown god.
  2934 | D:2      | Reached XP level 4. HP: 25/31 MP: 0/0
  4663 | D:3      | Found a glowing drain.
  4676 | Sewer    | Entered a sewer
  5277 | Sewer    | Reached XP level 5. HP: 24/35 MP: 0/0
  5277 | Sewer    | Learned a level 2 spell: Corpse Rot
  5390 | Sewer    | Identified the +1 chain mail of the Quahog {rN+}
  5423 | D:3      | Reached skill level 4 in Spellcasting
  6057 | D:3      | Found Bisil's Weapon Emporium.
  6893 | D:4      | Reached XP level 6. HP: 37/40 MP: 0/0
  7133 | D:4      | Found a bloodstained altar of Trog.
  7191 | D:4      | Found a sacrificial altar of Ru.
  8020 | D:4      | Reached skill level 5 in Spellcasting
  8694 | D:4      | Reached XP level 7. HP: 41/45 MP: 0/0
  8694 | D:4      | Learned a level 3 spell: Call Canine Familiar
  9480 | D:4      | Reached skill level 6 in Spellcasting
 10881 | D:4      | Reached XP level 8. HP: 46/50 MP: 0/0
 11175 | D:5      | Entered Level 5 of the Dungeon
 11175 | D:5      | Found Upuiv's Antique Weapon Emporium.
 11287 | D:5      | Noticed Ijyb
 11291 | D:5      | Killed Ijyb
 11297 | D:5      | Reached skill level 7 in Spellcasting
 11560 | D:5      | Noticed Menkaure
 11566 | D:5      | Killed Menkaure
 12163 | D:5      | Found a blossoming altar of Fedhas.
 12442 | D:5      | Found an iron altar of Okawaru.
 12788 | D:6      | Found a staircase to the Ecumenical Temple.
 13175 | D:6      | Reached skill level 8 in Spellcasting
 13175 | D:6      | Reached XP level 9. HP: 43/55 MP: 0/0
 13175 | D:6      | Learned a level 3 spell: Tukima's Dance
 14155 | Temple   | Entered the Ecumenical Temple
 14202 | Temple   | Became a worshipper of Qazlal Stormbringer
 14225 | D:7      | Found a basalt altar of Yredelemnul.
 14772 | D:7      | Reached skill level 9 in Spellcasting
 15199 | D:7      | Found Xoacsij's Gadget Gallery.
 15695 | D:7      | Reached XP level 10. HP: 18/61 MP: 0/0
 16011 | D:7      | Reached skill level 10 in Spellcasting
 16308 | D:7      | Found a glowing golden altar of the Shining One.
 16321 | D:7      | Found an opulent altar of Gozag.
 16332 | D:7      | Found a sparkling altar of Nemelex Xobeh.
 16336 | D:7      | Found a hide-covered altar of Uskayaw.
 16341 | D:7      | Found a shimmering altar of Xom.
 16586 | D:8      | Reached * piety under Qazlal
 16598 | D:8      | Noticed Harold
 16605 | D:8      | Killed Harold
 17452 | D:8      | Reached skill level 11 in Spellcasting
 18194 | D:9      | Noticed a deep elf pyromancer
 18205 | D:9      | Killed a deep elf pyromancer
 18366 | D:9      | Identified the +1 robe of Gluttony {Dex+5}
 19181 | D:10     | Entered Level 10 of the Dungeon
 19188 | D:10     | Reached XP level 11. HP: 56/66 MP: 0/0
 19188 | D:10     | Learned a level 5 spell: Metabolic Englaciation
 19729 | D:10     | Noticed Nergalle
 19735 | D:10     | Mangled by a spectral orc knight

Illustrated notes

Levels and vault maps discovered:
D:1:      ncdulo_lavacross, layout_loops_corners
D:2:      wad_lake_hut, layout_loops_ring, basic_altar,
          dreamdust_ecumenical_altar_hidden_monk_grotto, nrook_mini_vaults,
          minmay_tromino_v7
D:3:      layout_basic, cheibrodos_sewer_entry_drain, serial_shops,
          nicolae_shop_trees
D:4:      lemuel_castle_with_subvaults [lemuel_castle_interior_original],
          layout_basic, mainiacjoe_overflow_large_starburst, kennysheep_diamond,
          mrwooster_statue_mirror, patterned_corridor
D:5:      layout_basic, okawaru_altar_gauntlet_db,
          lemuel_coloured_pillars_altar, serial_shops,
          nicolae_shop_hallway_stairs, uniq_ijyb, uniq_menkaure
D:6:      nicolae_cairo_tiling, layout_layer_cave,
          minmay_temple_entry_mini_moons
D:7:      layout_loops_ring, minitemple, nicolae_yredelemnul_corpse_copse,
          nicolae_shop_gadgets
D:8:      layout_cave_pools, minmay_unpleasant_kobolds, uniq_harold
D:9:      layout_roguey, hangedman_decor_clover_reticule
D:10:     layout_basic, minmay_lair_entry_grove, minmay_evil_grid, uniq_nergalle
Temple:   eino_wide_crystal_templ

Skill      XL: |  1  2  3  4  5  6  7  8  9 10 |
---------------+-------------------------------+-----
Spellcasting   | 3 4 5 6 8 9 11 | 11.8
Stealth        | 2 3 4 |  4.0
Dodging        | 3 |  3.1
Fighting       | |  0.7
Maces & Flails | |  0.4

Action                   |  1- 3 |  4- 6 |  7- 9 | 10-12 || total
-------------------------+-------+-------+-------+-------++-------
Melee: Flail             |       |       |     2 |       ||     2
 Cast: Foxfire           |   148 |   338 |   322 |   174 ||   982
       Scorch            |     2 |     4 |    15 |    12 ||    33
       Inner Flame       |     1 |    11 |    69 |    41 ||   122
       Call Canine Famil |       |       |    15 |     2 ||    17
       Tukima's Dance    |       |       |       |     2 ||     2
       Flame Wave        |       |       |       |     3 ||     3
       Metabolic Englaci |       |       |       |     1 ||     1
Armor: Robe              |       |     1 |     6 |     7 ||    14
Dodge: Dodged            |     3 |     9 |    22 |    12 ||    46
